 Dungeon Crawl Stone Soup version 0.19-a0-1568-gdd01aac (webtiles) character file.

134 ILIYAK777 the Sneak (level 5, -7/36 HPs)
             Began as an Octopode Assassin on Sept 15, 2016.
             Killed by divine providence
             ... invoked by an orc priest
              (10 damage)
             ... on level 3 of the Dungeon.
             The game lasted 00:22:36 (2257 turns).

ILIYAK777 the Sneak (Octopode Assassin)             Turns: 2257, Time: 00:22:37

Health: -7/36      AC:  1    Str: 10    XL:     5   Next: 17%
Magic:  0/5        EV: 13    Int: 14    God:
Gold:   128        SH:  0    Dex: 19    Spells: 0 memorised, 4 levels left

rFire  . . .     SeeInvis .     a - +2 dagger
rCold  . . .     Gourm    .     (no shield)
rNeg   . . .     Faith    .     (helmet restricted)
rPois  .         Spirit   +     x - amulet of guardian spirit
rElec  .         Dismiss  .     w - +5 ring of dexterity
rCorr  .         Reflect  .     D - ring of wizardry (curse)
MR     .....     Harm     .     (no ring)
Stlth  +++++.....               (no ring)
                                (no ring)
                                (no ring)
                                (no ring)
                                (no ring)

@: very slightly contaminated, hasted, very quick
A: almost no armour, stealthy swim, amphibious, 8 rings, constrict 8, camouflage
1, gelatinous body 1
a: no special abilities


You were on level 3 of the Dungeon.
You were not hungry.

You visited 1 branch of the dungeon, and saw 3 of its levels.

You collected 128 gold pieces.

Inventory:

Hand Weapons
 a - a +2 dagger (weapon)
Jewellery
 w - a +5 ring of dexterity (left tentacle)
 x - an amulet of guardian spirit (around mantle)
 D - a cursed ring of wizardry (right tentacle)
Wands
 u - a wand of flame (30/48)
Scrolls
 e - 2 scrolls of identify {unknown}
 g - a scroll of teleportation {unknown}
 j - a scroll of enchant armour {unknown}
 m - a scroll of random uselessness {unknown}
 n - a scroll of recharging {unknown}
 p - a scroll of fear {unknown}
 t - a scroll of blinking {unknown}
 y - 3 scrolls of remove curse {unknown}
 z - a scroll of magic mapping {unknown}
 A - a scroll of fog {unknown}
 C - a scroll of amnesia {unknown}
Potions
 i - a potion of curing {unknown}
 k - 2 potions of beneficial mutation {unknown}
 q - a potion of might {unknown}
 r - a potion of berserk rage {unknown}
 s - a potion of resistance {unknown}
 v - a potion of lignification {unknown}
Comestibles
 f - 3 bread rations
 h - 3 chunks of flesh
 o - 3 meat rations
 B - a beef jerky


   Skills:
 * Level 3.0 Fighting
 * Level 3.0 Short Blades
 - Level 2.0 Throwing
 - Level 1.0 Dodging
 * Level 7.3 Stealth


You had 4 spell levels left.
You didn't know any spells.

Dungeon Overview and Level Annotations

Branches:
Dungeon (3/15)

Altars:


Innate Abilities, Weirdness & Mutations

You cannot wear most types of armour.
You are very stealthy in the water.
You are amphibious.
You can wear up to eight rings at the same time.
You can use your tentacles to constrict eight enemies at once.
Your skin changes colour to match your surroundings (Stealth+).
Your rubbery body absorbs attacks. (AC +1, EV +1)


Message History

The orc priest is moderately wounded.
You constrict the orc priest, but do no damage.
The orc priest invokes the aid of Beogh against you.
Beogh smites you!
* * * LOW HITPOINT WARNING * * *
You hit the orc priest.
You squeeze the orc priest, but do no damage.
The orc priest is heavily wounded.
You constrict the orc priest, but do no damage.
You hit the orc priest but do no damage.
The orc priest is heavily wounded.
You constrict the orc priest, but do no damage.
The orc priest struggles to escape constriction.
You release your grip on the orc priest.
It was a potion of haste.
You feel yourself speed up. The orc priest hits you.
* * * LOW HITPOINT WARNING * * *
You are very lightly contaminated with residual magic.
The orc priest invokes the aid of Beogh against you.
Beogh smites you!
You die...

........ #..........#.....#....
.........#.######.#.....#....
#.#.#####.######.#...#.#.##.
#......(.............#.#..##
##.........#####.#...#.#..##
#.........# ###.#..........
#.........# #.........#..##
#.###.#####.####.#.#..........
#............@.oo..#..#.##....
#..##....##.####.#.#..#.##.... #.
#..#.##.# #.#.#..#.##รท.## # #..
#.......# #(#.#..#.##..##
##.#..##..#.##.# #.#.#>.........
.........#.## ##..)..#.##.##..##
#.##.#...#.. ...................
#.........#.##......#......###.##
#..##.#...#.##......#..o... #.#


You could see an orc priest and an orc.

Vanquished Creatures
  4 gnolls
  5 adders
  A dart slug (D:2)
  3 leopard geckos
  2 orcs (D:3)
  4 bats
  2 giant cockroaches (D:2)
  7 goblins
  6 hobgoblins
  5 kobolds
  A quokka (D:2)
  3 rats
43 creatures vanquished.

Notes
Turn   | Place    | Note
-------+----------+-------------------------------------------
     0 | D:1      | ILIYAK777 the Octopode Assassin began the quest for the Orb.
     0 | D:1      | Reached XP level 1. HP: 14/14 MP: 1/1
   386 | D:1      | Reached XP level 2. HP: 19/19 MP: 2/2
   699 | D:1      | Reached skill level 6 in Stealth
   985 | D:1      | Reached XP level 3. HP: 24/24 MP: 3/3
  1255 | D:2      | Reached XP level 4. HP: 20/30 MP: 4/4
  1837 | D:3      | Reached skill level 7 in Stealth
  1844 | D:3      | Reached XP level 5. HP: 9/36 MP: 1/5
  2257 | D:3      | Killed from afar by an orc priest

Vault maps used:
D:1:      nicolae_arrival_washed_ashore, minmay_misc_feat_plants

Skill      XL: |  1  2  3  4  5 |
---------------+----------------+-----
Stealth        | 6 7 |  7.3
Fighting       | 3 |  3.0
Short Blades   | 3 |  3.0
Throwing       | |  2.0
Dodging        | |  1.0

Action                   |  1- 3 |  4- 6 || total
-------------------------+-------+-------++-------
Melee: Dagger            |    49 |    45 ||    94
       Constrict         |    11 |    12 ||    23
       Tentacles         |     8 |    13 ||    21
  Use: Potion            |       |     1 ||     1
 Stab: Sleeping          |     8 |     8 ||    16
  Eat: Chunk             |     1 |     3 ||     4
Armor: Skin              |     8 |     2 ||    10
Dodge: Dodged            |    33 |    24 ||    57
